 Dungeon Crawl Stone Soup version 0.30-a0-950-gbf40cfac39 (webtiles) character file.

Game seed: 4853253911505676770

1 RepoMan the Conjurer (level 1, -4/13 HPs)
             Began as a Mummy Conjurer on Mar 28, 2023.
             Slain by a gnoll
             ... wielding a +0 flail
              (14 damage)
             ... on level 2 of the Dungeon.
             The game lasted 00:03:21 (130 turns).

RepoMan the Conjurer (Mummy Conjurer)                Turns: 130, Time: 00:03:21

Health: -4/13      AC:  2    Str: 10    XL:     1   Next: 16%
Magic:  4/4        EV: 11    Int: 17    God:
Gold:   18         SH:  0    Dex: 10    Spells: 4/5 levels left

rFire   x . .      SeeInvis .    b - +0 dagger
rCold   + . .      Faith    +    (no shield)
rNeg    + + +      Spirit   .    a - +0 robe
rPois   ∞          Reflect  .    (no helmet)
rElec   .          Rampage  .    (no cloak)
rCorr   .                        (no gloves)
Will    .....                    (no boots)
Stlth   ++                       (no amulet)
HPRegen 0.22/turn                (no ring)
MPRegen 0.09/turn                (no ring)

@: no status effects
A: cold resistance 1, negative energy resistance 3, torment resistance 2, heat
vulnerability 1, no potions, faith
a: no special abilities


You were on level 2 of the Dungeon.
You visited 1 branch of the dungeon, and saw 2 of its levels.

You collected 18 gold pieces.

Inventory:

Hand Weapons
 b - a +0 dagger (weapon)
Armour
 a - a +0 robe (worn)


   Skills:
 - Level 1.5 Dodging
 - Level 1.5 Stealth
 + Level 2.7 Spellcasting
 * Level 3.3 Conjurations


You had 4 spell levels left.
You knew the following spells:

 Your Spells              Type           Power      Damage    Failure   Level
q - Magic Dart            Conj           52%        1d5       4%          1

Your spell library contained the following spells:

 Spells                   Type           Power      Damage    Failure   Level
 Searing Ray              Conj           26%        2d5       7%          2
 Dazzling Flash           Conj/Hex       14%        N/A       26%         3
 Fulminant Prism          Conj/Hex       3%         3d5       65%         4
 Iskenderun's Mystic Bla  Conj/Tloc      7%         2d4       65%         4


Dungeon Overview and Level Annotations

Branches:
Dungeon (1/15)

Altars:

Shops:
D:1 (


Innate Abilities, Weirdness & Mutations

You are immune to poison.
Your flesh is cold resistant. (rC+)
You are immune to negative energy. (rN+++)
You are immune to unholy pain and torment.
You are vulnerable to heat. (rF-)
You do not drink.
You have a special connection with the divine. (Faith)


Message History

The magic dart hits the goblin.
The goblin is heavily wounded.
A giant cockroach comes into view.
Found a dagger.
The goblin completely misses you.
A goblin comes into view. It is wielding a +0 dagger.
The ball python bites you. The ball python grabs you.
The ball python constricts you.
You escape the ball python's grasp.
The giant cockroach bites you. The ball python bites you.
The ball python grabs you. The ball python constricts you.
The giant cockroach bites you.
You escape the ball python's grasp.
The hobgoblin hits you.
* * * LOW HITPOINT WARNING * * *
There is a shaft here.
You fall into a shaft and drop 1 floor!
The shaft crumbles and collapses.
Found a dark potion and 12 gold pieces.
You start resting.
Magic restored.
You start resting.
HP restored.
You now have 18 gold pieces (gained 12).
You open the door.
A frilled lizard and 3 gnolls come into view.
The gnoll shouts!
A gnoll comes into view. It is wielding a +0 spear.
As you close the door, it creaks loudly!
You open the door. 4 jackals come into view.
The jackal barks! x3; You hear a shout!
You close the door.
You open the door.
Press: ? - help, v - describe, . - travel The floor.
Press: ? - help, v - describe, . - travel The floor.
The jackal attacks as you move away! The jackal closely misses you.
The jackal bites you. The gnoll hits you with a +0 flail!
Ouch! That really hurt!
You die...

........# ..l....
..... ... # #+# ..
#. #.# ... #.. #.#
...!
###...#####.###....
#.....hhh.@g.......
..#...#####........
...#+ #........ .
#........ #........
#........ #######~~
≈


You could see a gnoll and 3 jackals.

Vanquished Creatures
  A bat (D:1)
1 creature vanquished.

Notes
Turn   | Place    | Note
-------+----------+-------------------------------------------
     0 | D:1      | RepoMan the Mummy Conjurer began the quest for the Orb.
     0 | D:1      | Reached XP level 1. HP: 13/13 MP: 4/4
    53 | D:1      | Found Naevoo's Antique Weapon Shoppe.
    66 | D:1      | You fall into a shaft and drop 1 floor!
   130 | D:2      | Slain by a gnoll

Illustrated notes

Levels and vault maps discovered:
D:1:      saegor_arrival_simple_e, layout_rooms, serial_shops,
          nicolae_diamond_shop, nicolae_shop_hallway_stairs
D:2:      wander_river, layout_basic, basic_altar, minmay_rat_hole

Action                     || total
---------------------------++-------
   Cast: Magic Dart        ||     2
  Dodge: Dodged            ||     2

Table legend: (Time is in decaauts)
 A = Elapsed time spent in this place.
 B = Non-inter-level travel time spent in this place.
 C = Inter-level travel time spent in this place.
 D = Time resting spent in this place.
 E = Time spent auto-exploring this place.
 F = Levels seen in this place.
 G = Mean time per level.
                   A        B        C        D        E       F      G
               +--------+--------+--------+--------+--------+-----+--------+
         Total |    129 |    129 |      0 |     54 |      0 |   2 |   64.5 |
       Dungeon |    129 |    129 |      0 |     54 |      0 |   2 |   64.5 |
               +--------+--------+--------+--------+--------+-----+--------+

Top non-repeatable levels by time:
     D:1: 65 daAuts
     D:2: 63 daAuts
